 Dungeon Crawl Stone Soup version 0.30-a0-718-geaa24f58ff (webtiles) character file.

Game seed: 15302624036885034447

1117 Mintmane the Conjurer (level 8, -4/62 HPs)
             Began as a White Draconian Conjurer on Jan 25, 2023.
             Was an Initiate of Ashenzari.
             Slain by a two-headed ogre
             ... wielding a +0 giant spiked club
              (17 damage)
             ... on level 6 of the Dungeon.
             The game lasted 00:46:34 (7959 turns).

Mintmane the Conjurer (White Draconian Conjurer)    Turns: 7959, Time: 00:46:35

Health: -4/62      AC:  8    Str:  9 (10) XL:     8   Next: 12%
Magic:  2/13       EV: 12    Int: 18 (21) God:    Ashenzari [......]
Gold:   112        SH:  0    Dex:  8 (9)  Spells: 10/16 levels left

rFire   . . .      SeeInvis .    g - +2 short sword (vamp)
rCold   + + .      Faith    .    (no shield)
rNeg    . . .      Spirit   .    (body armour unavailable)
rPois   .          Reflect  .    (helmet restricted)
rElec   .          Harm     .    (no cloak)
rCorr   .          Rampage  .    p - +1 pair of gloves
Will    .....                    (no boots)
Stlth   ++                       (no amulet)
HPRegen 0.30/turn                l - ring of protection from cold
MPRegen 0.13/turn                (no ring)

@: unable to read
A: breathe frost, AC +6, unfitting armour, cold resistance 1, cold-blooded,
deterioration 1, low MP 1, inability to read after injury 1
a: Breathe Frost, Renounce Religion


You were on level 6 of the Dungeon.
You worshipped Ashenzari.
Ashenzari was noncommittal.
You visited 2 branches of the dungeon, and saw 7 of its levels.

You collected 250 gold pieces.
You spent 138 gold pieces at shops.

Inventory:

Hand Weapons
 b - a +0 whip
 g - a +2 vampiric short sword (weapon)
 m - a +1 flail of venom
 r - a +0 dagger of protection
Missiles
 d - 31 stones
 e - 3 boomerangs
 q - 5 poisoned darts
 t - 4 silver boomerangs
Armour
 p - a +1 pair of gloves (worn)
Jewellery
 l - a ring of protection from cold (left hand)
Scrolls
 c - 2 scrolls of identify
 h - 2 scrolls of fear
 j - 2 scrolls of amnesia
 k - 3 scrolls of poison
 n - a scroll of brand weapon {unknown}
 o - 2 scrolls of teleportation
Potions
 a - 2 potions of cancellation
 f - a potion of curing
 i - 3 potions of flight
 s - a potion of ambrosia {unknown}


   Skills:
 + Level 2.4 Fighting
 + Level 1.1 Short Blades
 + Level 2.1 Maces & Flails
 + Level 4.1 Dodging
 + Level 4.0 Stealth
 * Level 4.5 Spellcasting
 + Level 6.3 Conjurations


You had 10 spell levels left.
You knew the following spells:

 Your Spells              Type           Power      Damage    Failure   Level
a - Magic Dart            Conj           100%       1d8       1%          1
b - Searing Ray           Conj           54%        2d6       1%          2
c - Hailstorm             Conj/Ice       15%        3d5       12%         3

Your spell library contained the following spells:

 Spells                   Type           Power      Damage    Failure   Level
 Dazzling Flash           Conj/Hex       30%        N/A       12%         3
 Fulminant Prism          Conj/Hex       7%         3d7       36%         4
 Iskenderun's Mystic Bla  Conj/Tloc      15%        2d5       36%         4
 Ice Form                 Ice/Tmut       4%         N/A       80%         4
 Simulacrum               Ice/Necr       2%         N/A       100%        6


Dungeon Overview and Level Annotations

Branches:
Dungeon (6/15)             Temple (1/1) D:5

Altars:
Ashenzari
Cheibriados
Dithmenos
Elyvilon
Fedhas
Gozag
Makhleb
Nemelex Xobeh
Okawaru
Qazlal
Sif Muna
Uskayaw
Xom
Yredelemnul
Zin
The Shining One

Shops:
D:3 (   D:5 ?


Innate Abilities, Weirdness & Mutations

You can breathe waves of freezing cold which knock back foes.
Your icy white scales are hard. (AC +6)
You cannot fit into any form of body armour.
Your flesh is cold resistant. (rC+)
You are cold-blooded and may be slowed by cold attacks.
Your body sometimes deteriorates upon taking damage.
Your magical capacity is low. (-10% MP)
You occasionally lose the ability to read scrolls when taking damage.


Message History

You hit the adder but do no damage.
You feel sick. The adder closely misses you.
You hit the adder.
Your tail-slap misses the adder.
The adder is lightly wounded.
Your attacks no longer feel as feeble.
You feel sick.
You are no longer poisoned.
You hit the two-headed ogre but do no damage.
The two-headed ogre is lightly wounded.
You hit the two-headed ogre.
You feel better.
The two-headed ogre is lightly wounded.
The two-headed ogre hits you with a +0 giant spiked club!
You feel threatened and lose the ability to read scrolls!
* * * LOW HITPOINT WARNING * * *
The two-headed ogre barely misses you.
You hit the two-headed ogre.
You feel better.
The two-headed ogre is moderately wounded.
The two-headed ogre closely misses you. x2
You hit the two-headed ogre.
You feel better.
The two-headed ogre is moderately wounded.
The gnoll is no longer moving quickly.
You hit the two-headed ogre.
You punch the two-headed ogre, but do no damage.
The two-headed ogre is moderately wounded.
You can read scrolls again.
The two-headed ogre barely misses you. The two-headed ogre closely misses you.
You completely miss the two-headed ogre.
You tail-slap the two-headed ogre, but do no damage.
The two-headed ogre is moderately wounded.
You hit the two-headed ogre.
You feel better.
The two-headed ogre is moderately wounded.
The two-headed ogre barely misses you.
The two-headed ogre hits you with a +0 giant club!
* * * LOW HITPOINT WARNING * * *
Your body deteriorates!
You feel dopey.
You hit the two-headed ogre but do no damage.
The two-headed ogre is moderately wounded.
The two-headed ogre hits you with a +0 giant spiked club!
You feel threatened and lose the ability to read scrolls!
You die...

#......#
#......#
##.....#
##..).#
#....#
##..g#
#..g##
#.gSO#####
#####@...##
##....#
#....#
##..#.#
#..##.#
#.###.# ∩
### ###


You could see a two-headed ogre, 3 gnolls and an adder.

Vanquished Creatures
  Grinder (D:5)
  An ice beast (D:5)
  2 black bears (D:4)
  2 scorpions (D:5)
  An orc priest (D:4)
  6 hounds
  A gnoll bouda (D:6)
  2 orc wizards (D:4)
  An iguana (D:5)
  7 adders
  7 gnolls
  A white imp (D:6)
  2 worms
  4 dart slugs
  8 orcs
  8 endoplasms
  5 giant cockroaches
  7 goblins
  5 hobgoblins
  5 jackals (D:4)
  3 quokkas
  7 ball pythons
  6 bats
  2 frilled lizards (D:1)
  8 kobolds
  5 rats
  A spectral hobgoblin (D:3)
108 creatures vanquished.

Notes
Turn   | Place    | Note
-------+----------+-------------------------------------------
     0 | D:1      | Mintmane the Draconian Conjurer began the quest for the
                  | Orb.
     0 | D:1      | Reached XP level 1. HP: 14/14 MP: 3/3
   190 | D:1      | Reached XP level 2. HP: 20/20 MP: 3/5
   930 | D:1      | Learned a level 2 spell: Searing Ray
  1347 | D:2      | Reached XP level 3. HP: 26/26 MP: 4/6
  1822 | D:2      | Gained mutation: You expend magic power (3 MP) to
                  | strengthen your wands. [potion of mutation]
  1826 | D:2      | Reached XP level 4. HP: 18/34 MP: 4/7
  2267 | D:2      | Lost mutation: You expend magic power (3 MP) to strengthen
                  | your wands. [potion of mutation]
  2267 | D:2      | Gained mutation: You occasionally lose the ability to read
                  | scrolls when taking damage. [potion of mutation]
  2267 | D:2      | Gained mutation: Your spells are a little harder to cast,
                  | but a little more powerful. [potion of mutation]
  2267 | D:2      | Gained mutation: You occasionally shout uncontrollably at
                  | your foes. [potion of mutation]
  2267 | D:2      | Gained mutation: Your tail ends in a venomous barb. [potion
                  | of mutation]
  2268 | D:2      | Lost mutation: You occasionally shout uncontrollably at
                  | your foes. [potion of mutation]
  2268 | D:2      | Lost mutation: Your spells are a little harder to cast, but
                  | a little more powerful. [potion of mutation]
  2268 | D:2      | Lost mutation: Your tail ends in a venomous barb. [potion
                  | of mutation]
  2268 | D:2      | Gained mutation: Your magical capacity is low. (-10% MP)
                  | [potion of mutation]
  2268 | D:2      | Gained mutation: Your body sometimes deteriorates upon
                  | taking damage. [potion of mutation]
  2779 | D:3      | Found a faded altar of an unknown god.
  3026 | D:3      | Reached skill level 5 in Conjurations
  3168 | D:3      | Found Zar Zut's Antique Weapon Emporium.
  3261 | D:3      | Reached skill level 1 in Fighting
  3675 | D:4      | Reached skill level 1 in Maces & Flails
  3686 | D:4      | Reached XP level 5. HP: 32/40 MP: 2/8
  4359 | D:4      | Noticed a black bear
  4368 | D:4      | Killed a black bear
  4369 | D:4      | Reached XP level 6. HP: 25/47 MP: 3/9
  6236 | D:5      | Entered Level 5 of the Dungeon
  6256 | D:5      | Your scales start taking on an icy white colour.
  6256 | D:5      | Reached XP level 7. HP: 52/52 MP: 6/11
  6256 | D:5      | Gained mutation: Your flesh is cold resistant. (rC+) [White
                  | Draconian growth]
  6338 | D:5      | Learned a level 3 spell: Hailstorm
  6437 | D:5      | Found Xuaklo Upry's Magic Scroll Shoppe.
  6440 | D:5      | Bought a scroll of enchant armour for 90 gold pieces
  6440 | D:5      | Bought a scroll of amnesia for 48 gold pieces
  6493 | D:5      | Found a sparkling altar of Nemelex Xobeh.
  6708 | D:5      | Noticed Grinder
  6715 | D:5      | Paralysed by Grinder for 2 turns
  6731 | D:5      | Paralysed by Grinder for 2 turns
  6750 | D:5      | Reached skill level 6 in Conjurations
  6771 | D:5      | Killed Grinder
  6850 | D:5      | Found a staircase to the Ecumenical Temple.
  6859 | Temple   | Entered the Ecumenical Temple
  6971 | Temple   | Became a worshipper of Ashenzari the Shackled
  7334 | D:5      | Reached skill level 1 in Short Blades
  7334 | D:5      | Reached XP level 8. HP: 43/62 MP: 7/13
  7598 | D:5      | Found a shimmering blue altar of Sif Muna.
  7598 | D:5      | Found a shadowy altar of Dithmenos.
  7598 | D:5      | Found a basalt altar of Yredelemnul.
  7930 | D:6      | Noticed a two-headed ogre
  7959 | D:6      | Slain by a two-headed ogre

Illustrated notes

Levels and vault maps discovered:
D:1:      psy_arrival_terrarium, layout_rooms
D:2:      layout_loops_corners
D:3:      layout_basic, dreamdust_ecumenical_altar_drowned_temple, serial_shops,
          nicolae_shop_competitors_out_of_business
D:4:      minmay_wonky_spiral, layout_rooms
D:5:      layout_basic, nemelex_spade_bored_becter,
          gammafunk_temple_overflow_forgotten, minmay_temple_entry_large_hall,
          serial_shops, nicolae_shop_window_shopping,
          kennysheep_generic_room_14, uniq_grinder
D:6:      layout_layer_cave, nicolae_overflow_hidden_temple, serial_shops,
          nicolae_shop_statue_plus, nicolae_shop_window_shopping,
          gup_sewer_entry_bubbles, minmay_misc_feat_chi, kb_rosetta
Temple:   minmay_temple_bridge_abc

Skill      XL: |  1  2  3  4  5  6  7  8 |
---------------+-------------------------+-----
Dodging        | 2 3 4 |  4.1
Stealth        | 2 3 4 |  4.0
Conjurations   | 5 6 |  6.3
Fighting       | 1 2 |  2.4
Maces & Flails | 1 2 |  2.1
Spellcasting   | 3 4 |  4.5
Short Blades   | 1 |  1.1

Action                     |  1- 3 |  4- 6 |  7- 9 || total
---------------------------+-------+-------+-------++-------
  Melee: Club              |    40 |       |       ||    40
         Tailslap          |     3 |     4 |     4 ||    11
         Whip              |       |    20 |       ||    20
         Dagger            |       |    11 |       ||    11
         Short sword       |       |       |    38 ||    38
         Punch             |       |       |     2 ||     2
   Cast: Magic Dart        |    55 |       |       ||    55
         Searing Ray       |     2 |    39 |    21 ||    62
         Hailstorm         |       |       |     2 ||     2
Ability: Breathe Frost     |       |       |     2 ||     2
    Use: Scroll            |     4 |     5 |     4 ||    13
         Potion            |     5 |     6 |     3 ||    14
 Armour: Skin              |    16 |    51 |    33 ||   100
  Dodge: Dodged            |    38 |    54 |    55 ||   147

Table legend: (Time is in decaauts)
 A = Elapsed time spent in this place.
 B = Non-inter-level travel time spent in this place.
 C = Inter-level travel time spent in this place.
 D = Time resting spent in this place.
 E = Time spent auto-exploring this place.
 F = Levels seen in this place.
 G = Mean time per level.
                   A        B        C        D        E       F      G
               +--------+--------+--------+--------+--------+-----+--------+
         Total |   7977 |   7865 |    112 |   4383 |   1380 |   7 | 1139.6 |
       Dungeon |   7816 |   7704 |    112 |   4383 |   1380 |   6 | 1302.7 |
        Temple |    160 |    160 |      0 |      0 |      0 |   1 |  160.0 |
               +--------+--------+--------+--------+--------+-----+--------+

Top non-repeatable levels by time:
     D:4: 2719 daAuts
     D:2: 1561 daAuts
     D:5: 1436 daAuts
     D:1: 1052 daAuts
     D:3: 923 daAuts
  Temple: 160 daAuts
     D:6: 124 daAuts
